[Event "Team 45 45 League T34"]
[Site "Internet Chess Club"]
[Date "2007.08.25"]
[Round "6"]
[White "primerpaso"]
[Black "pokerram"]
[Result "1-0"]
[WhiteElo "1817"]
[BlackElo "1686"]
[Opening "English: Anglo-Grünfeld, Smyslov defense"]
[ECO "A16"]
[Time "16:02:42"]
[TimeControl "2700+45"]

1. c4 Nf6 2. Nc3 g6 3. g3 d5 4. cxd5 Nxd5 5. Bg2 Nxc3 6. bxc3 Bg7 7. Rb1 c6 8.
Nf3 Bf5 9. Rxb7 Qc8 10. Qb3 Be6 11. Qb4 c5 12. Qe4 Nd7 13. Ng5 Bf5 14. Qd5 O-O
15. Rxd7 Bxd7 16. Qxa8 Qa6 17. Qd5 Bb5 18. Bf3 Bc4 19. Qxc5 e5 20. a3 h6 21. Ne4
f5 22. Nd6 Be6 23. Bc6 Rb8 24. Bb5 Qa5 25. a4 a6 26. Nc4 Qd8 27. Bxa6 Rb1 28.
O-O f4 29. Nxe5 Bh3 30. Re1 Qxd2 31. Bxd2 {Black resigns} 1-0

[Event "Team 45 45 League T34"]
[Site "Internet Chess Club"]
[Date "2007.08.25"]
[Round "6"]
[White "JustinZ"]
[Black "AlPearson"]
[Result "0-1"]
[WhiteElo "1239"]
[BlackElo "1480"]
[Opening "French: classical, Tarrasch variation"]
[ECO "C14"]
[Time "10:03:20"]
[TimeControl "2700+45"]

1. e4 e6 2. d4 d5 3. Nc3 Nf6 4. Bg5 Be7 5. e5 Nfd7 6. Bxe7 Qxe7 7. Bd3 c5 8. Nb5
Na6 9. Nd6+ Kd8 10. Bxa6 bxa6 11. dxc5 Nxe5 12. Nf3 Nd7 13. Qd2 Nxc5 14. Qa5+
Kd7 15. Qxc5 Qxd6 16. Qxa7+ Rxa7 {White resigns} 0-1

[Event "Team 45 45 League T34"]
[Site "Internet Chess Club"]
[Date "2007.08.25"]
[Round "6"]
[White "Zyme"]
[Black "nathesh"]
[Result "1-0"]
[WhiteElo "1453"]
[BlackElo "1381"]
[Opening "QGD: Neo-orthodox variation, 7.Bh4"]
[ECO "D56"]
[Time "18:43:29"]
[TimeControl "2700+45"]

1. d4 d5 2. c4 e6 3. Nc3 Nf6 4. Bg5 Be7 5. e3 h6 6. Bh4 O-O 7. Nf3 Nbd7 8. Rc1
c6 9. Qc2 Qc7 10. Bg3 Qa5 11. cxd5 Rd8 12. dxe6 fxe6 13. Bd3 b5 14. O-O b4 15.
Qa4 Qb6 16. Ne4 Nd5 17. Qxc6 Qxc6 18. Rxc6 N7b6 19. Rfc1 Bd7 20. R6c2 Ba4 21. b3
Bd7 22. Ne5 Be8 23. Nc6 Bxc6 24. Rxc6 a5 25. Rxe6 a4 26. bxa4 Nxa4 27. Bc4 Nac3
28. Rxe7 Ne2+ 29. Kf1 Nxc1 30. Bc7 Kf8 31. Bxd8 Nxe7 32. Bb6 Nxa2 33. Bc5 Rb8
34. Bxa2 b3 35. Bb1 b2 36. Ke2 Ra8 37. Kd1 Ke8 38. Bxe7 Kxe7 39. Kc2 Rb8 40. Nc5
Kd6 41. Nd3 Kd5 42. Nxb2 Rc8+ 43. Kd3 Rb8 44. Ba2+ Kd6 45. Nc4+ Ke7 46. Ne5 Rb2
47. Bc4 Rxf2 48. Bd5 Kd6 49. Bf3 g5 50. Nf7+ Ke6 51. Nxh6 Kf6 52. Ng4+ Kf5
{Black resigns} 1-0

[Event "Team 45 45 League T34"]
[Site "Internet Chess Club"]
[Date "2007.08.27"]
[Round "6"]
[White "rgadoury"]
[Black "conron"]
[Result "1-0"]
[WhiteElo "1244"]
[BlackElo "1190"]
[Opening "Queen's Indian: Petrosian system"]
[ECO "E12"]
[Time "19:01:13"]
[TimeControl "2700+45"]

1. d4 e6 2. c4 Nf6 3. Nf3 b6 4. a3 Bb7 5. Bg5 Be7 6. Nbd2 h6 7. Bh4 d5 8. cxd5
Bxd5 9. e3 O-O 10. Bd3 c5 11. dxc5 bxc5 12. b3 Nbd7 13. O-O Qc7 14. Bg3 Bd6 15.
Bxd6 Qxd6 16. Bc4 Bxf3 17. Nxf3 Qxd1 18. Rfxd1 Rfd8 19. Rdc1 Nb6 20. h3 Nxc4 21.
Rxc4 Rac8 22. Rac1 Rd3 23. R1c3 Rxc3 24. Rxc3 Nd7 25. g4 f5 26. Kg2 Kf7 27. Kg3
g5 28. Nd2 Kg6 29. f4 fxg4 30. hxg4 h5 31. fxg5 Kxg5 32. Ne4+ Kg6 33. b4 c4 34.
Nc5 Nxc5 35. Rxc4 Ne4+ 36. Rxe4 hxg4 37. Rxe6+ Kf5 38. Ra6 Rc3 39. Rxa7 Rxe3+
40. Kf2 Rf3+ 41. Kg2 Kf4 42. Rf7+ Ke3 43. Rxf3+ gxf3+ 44. Kf1 f2 45. b5 Kd4 46.
b6 Kc5 47. b7 Kc6 48. b8=Q Kd7 49. Kxf2 Kc6 50. Ke3 Kd5 51. Qc8 Kd6 52. a4 Ke7
53. a5 Kf6 54. Kf4 Ke7 55. Ke5 Kf7 56. Qe6+ Kf8 57. Kf5 Kg7 58. Qf6+ Kg8 59. Qb6
Kf7 60. a6 Ke8 61. a7 Kd7 62. a8=Q Ke7 63. Qab7+ Ke8 64. Qe6+ Kd8 65. Qbd7#
{Black checkmated} 1-0

[Event "Team 45 45 League T34"]
[Site "Internet Chess Club"]
[Date "2007.08.25"]
[Round "6"]
[White "WannaB"]
[Black "jocooper"]
[Result "1/2-1/2"]
[WhiteElo "1013"]
[BlackElo "1106"]
[Opening "Pirc: classical, h3 system"]
[ECO "B08"]
[Time "09:59:51"]
[TimeControl "2700+45"]

1. e4 d6 2. d4 Nf6 3. Nc3 g6 4. Nf3 Bg7 5. h3 O-O 6. Be3 Nbd7 7. Bd3 c5 8. a4 a6
9. e5 dxe5 10. dxe5 Ne8 11. Bf4 e6 12. O-O Rb8 13. b3 b5 14. axb5 axb5 15. Bxb5
Qc7 16. Bxd7 Bxd7 17. Qd2 Qb7 18. Na4 Qc7 19. Rfe1 f5 20. h4 Rd8 21. Qc3 Bxa4
22. Rxa4 Qc6 23. Rea1 Nc7 24. Bg5 Rd7 25. Bf4 Nd5 26. Qd2 Nxf4 27. Qxf4 Rfd8 28.
b4 cxb4 29. Rxb4 Qxc2 30. Nd4 Qc3 31. Nxe6 Qxa1+ 32. Kh2 Re8 33. Rd4 Bxe5 34.
Qxe5 Qa7 35. Rxd7 Qxd7 36. Nc5 Rxe5 37. Nxd7 Re2 38. Kg3 Rd2 39. Nf6+ Kg7 40.
Ne8+ Kf8 41. Nc7 h5 42. Ne6+ Ke7 43. Nf4 Kf6 44. f3 Kg7 45. Ne6+ Kh6 46. Nf4 g5
47. hxg5+ Kxg5 48. Nh3+ Kf6 49. Nf4 h4+ 50. Kh3 Kg5 51. Ne6+ Kh6 52. Nf4 Rd1 53.
Kh2 Rf1 54. Nh3 Kg7 55. Nf4 Kf7 56. Nh3 Ke6 57. Nf4+ Kd6 58. Ng6 Kd5 59. Nxh4 f4
60. Ng6 Ra1 61. Nxf4+ Kd6 62. Kg3 Ke5 63. Ng6+ Kf5 64. Nh4+ Kg5 65. f4+ Kf6 66.
Nf3 Ra5 67. Kg4 Rb5 68. Ng5 Rb7 69. g3 Rg7 70. Kf3 Kg6 71. Ne6 Rf7 72. Ng5 Rf6
73. Ne4 Ra6 74. Ng5 Ra3+ 75. Kg4 Ra4 76. Ne6 Kf6 77. Ng5 Kg6 78. Ne6 Ra6 79. Ng5
Ra4 80. Ne6 Kh6 81. Ng5 Ra6 82. Nf7+ Kg6 83. Ne5+ Kf6 84. Nf3 {Game drawn by
mutual agreement} 1/2-1/2

[Event "Team 45 45 League T34"]
[Site "Internet Chess Club"]
[Date "2007.08.25"]
[Round "6"]
[White "t-hobbes"]
[Black "strudel"]
[Result "1-0"]
[WhiteElo "1353"]
[BlackElo "1441"]
[Opening "Sicilian defense"]
[ECO "B30"]
[Time "17:02:55"]
[TimeControl "2700+45"]

1. e4 c5 2. Nf3 Nc6 3. Bc4 e6 4. O-O Nf6 5. d3 d5 6. exd5 exd5 7. Bb5 Bd7 8. Bg5
Be7 9. Nbd2 O-O 10. c4 Re8 11. cxd5 Nxd5 12. Ne4 Nd4 13. Nxd4 cxd4 14. Bxe7 Rxe7
15. Bc4 Bc6 16. Qg4 Re6 17. Rfe1 Nf6 18. Qh4 Bd5 19. Nxf6+ Rxf6 20. Qxd4 Bxc4
21. Qxd8+ Rxd8 22. dxc4 Rfd6 23. h4 Kf8 24. Kh2 Rd2 25. b4 Rxf2 26. Rad1 Rxd1
27. Rxd1 Rf4 28. Rd8+ Ke7 29. Rc8 Rxh4+ 30. Kg3 Kd7 31. Rf8 Ke7 32. Rxf7+ Kxf7
33. Kxh4 Kf6 34. Kg4 Ke5 35. Kf3 Kd4 36. c5 Kc4 37. a3 Kb3 38. b5 Kc4 39. c6
{Black resigns} 1-0

[Event "Team 45 45 League T34"]
[Site "Internet Chess Club"]
[Date "2007.08.26"]
[Round "6"]
[White "beerss"]
[Black "Chesnut"]
[Result "1-0"]
[WhiteElo "1429"]
[BlackElo "1228"]
[Opening "Bird's opening"]
[ECO "A03"]
[Time "19:51:20"]
[TimeControl "2700+45"]

1. f4 d5 2. Nf3 c5 3. e3 Nc6 4. Bb5 Nf6 5. O-O Qb6 6. Bxc6+ Qxc6 7. b3 g6 8. Bb2
Bg7 9. Ne5 Qc7 10. d3 Ng4 11. Qf3 Nf6 12. Nd2 O-O 13. Rab1 Qa5 14. Qf2 Qxa2 15.
e4 d4 16. Ndc4 Qa6 17. Ba3 b6 18. Ra1 Qb7 19. Bc1 Ng4 20. Nxg4 Bxg4 21. Qg3 Bh5
22. Ne5 f6 23. Nf3 Bxf3 24. Qxf3 e5 25. f5 gxf5 26. Qxf5 a5 27. Rf3 Rf7 28. Rh3
Bh8 29. Bh6 b5 30. Qe6 a4 31. Rg3+ Bg7 32. Rxg7+ Kh8 33. Rxf7 axb3 34. Qxf6+ Kg8
35. Qg7# {Black checkmated} 1-0

[Event "Team 45 45 League T34"]
[Site "Internet Chess Club"]
[Date "2007.08.26"]
[Round "6"]
[White "havertown"]
[Black "Russ"]
[Result "0-1"]
[WhiteElo "1160"]
[BlackElo "1262"]
[Opening "English opening"]
[ECO "A22"]
[Time "15:03:47"]
[TimeControl "2700+45"]

1. c4 e5 2. Nc3 Nf6 3. e4 Bc5 4. d3 d6 5. h3 Nc6 6. Nf3 h6 7. Be2 Bd7 8. O-O O-O
9. Nd5 Nxd5 10. cxd5 Nd4 11. Be3 Nxe2+ 12. Qxe2 Bxe3 13. Qxe3 c5 14. dxc6 bxc6
15. Rfd1 c5 16. b3 a5 17. Nd2 Be6 18. Nc4 a4 19. bxa4 Rxa4 20. Rdc1 Bxc4 21.
dxc4 Qa5 22. Qe1 Qxe1+ 23. Rxe1 Rxc4 24. a4 Ra8 25. a5 Ra6 26. f3 Rb4 27. Re3 f6
28. Ra2 Kf7 29. Kf2 Ke7 30. Ke2 Kd7 31. Kd2 Kc6 32. Rea3 Kb5 33. Ke3 c4 34. Kd2
Rb3 35. Ra4 Kc5 36. R4a3 Rxa3 37. Rxa3 Kb4 38. Ra1 Rxa5 39. Rxa5 Kxa5 40. Kc3
Kb5 41. g3 Kc5 42. h4 d5 43. g4 d4+ 44. Kc2 Kb4 45. h5 d3+ 46. Kd2 Kb3 {White
resigns} 0-1

[Event "Team 45 45 League T34"]
[Site "Internet Chess Club"]
[Date "2007.08.28"]
[Round "6"]
[White "category-five"]
[Black "rshea11"]
[Result "1/2-1/2"]
[WhiteElo "1180"]
[BlackElo "1255"]
[Opening "Ruy Lopez: four knights (Tarrasch) variation"]
[ECO "C77"]
[Time "21:26:47"]
[TimeControl "2700+45"]

1. e4 e5 2. Nf3 Nc6 3. Bb5 a6 4. Ba4 Nf6 5. Nc3 Bc5 6. O-O O-O 7. Bxc6 bxc6 8.
Nxe5 Qe8 9. d4 Bb4 10. Qf3 d6 11. a3 Bxc3 12. Nxc6 Qxc6 13. Qxc3 Qxc3 14. bxc3
Nxe4 15. Bb2 Bb7 16. f3 Nd2 17. Rf2 Nc4 18. Bc1 Rad8 19. Rb1 Ba8 20. Rb4 d5 21.
Ra4 Bb7 22. Rb4 Rb8 23. Bf4 Nxa3 24. Bxc7 a5 25. Bxb8 axb4 26. Bd6 Rd8 27. Re2
bxc3 28. Bxa3 h6 29. Bb4 Rc8 30. Kf2 Rc4 31. Bc5 f5 32. Re8+ Kh7 33. Rf8 Kg6 34.
Rb8 Ba6 35. Rb6+ Kg5 36. Rxa6 f4 37. g3 h5 38. h4+ Kf5 39. Bf8 Rxd4 40. Bxg7
Rd2+ 41. Ke1 Rxc2 42. Rf6+ Ke5 43. gxf4+ Kd4 44. Rc6+ Kd3 45. Rxc3+ Rxc3 46.
Bxc3 Kxc3 47. f5 Kc2 48. f6 d4 49. f7 d3 50. f8=Q d2+ 51. Kf2 d1=Q 52. Qc5+ Kb2
53. Qb4+ Qb3 54. Qxb3+ Kxb3 55. f4 Kc4 56. f5 Kd5 57. Kf3 Ke5 {Game drawn by
mutual agreement} 1/2-1/2

[Event "Team 45 45 League T34"]
[Site "Internet Chess Club"]
[Date "2007.08.27"]
[Round "6"]
[White "boozehound"]
[Black "RD1974"]
[Result "1-0"]
[WhiteElo "1723"]
[BlackElo "1617"]
[Opening "Scandinavian: Pytel-Wade variation"]
[ECO "B01"]
[Time "14:07:28"]
[TimeControl "2700+45"]

1. e4 d5 2. exd5 Qxd5 3. Nc3 Qd6 4. Nf3 Nf6 5. h3 a6 6. Bc4 b5 7. Bb3 c5 8. a4
c4 9. Ba2 b4 10. Ne2 Be6 11. O-O g6 12. Ned4 Bd5 13. d3 Nc6 14. Nxc6 Qxc6 15.
Ne5 Qb7 16. dxc4 Bxg2 17. c5 e6 18. Re1 Bxc5 19. Nxf7 Bxh3 20. Rxe6+ Bxe6 21.
Bxe6 Bxf2+ 22. Kf1 Qh1+ 23. Ke2 Qxd1+ 24. Kxd1 O-O 25. Ng5+ Kg7 26. Bb3 Rad8+
27. Ke2 Rde8+ 28. Kd3 Kh8 29. Nf7+ Rxf7 30. Bxf7 Re1 31. Bg5 Kg7 32. Rxe1 Bxe1
33. Bc4 a5 34. Be3 Ng4 35. Bf4 h5 36. Ke2 Bf2 37. Bc7 Bc5 38. Be6 Nf2 39. Bxa5
Kf6 40. Bc8 h4 41. Bd8+ Be7 42. Bxe7+ Kxe7 43. Kxf2 g5 44. Bg4 Kd6 45. Ke3 Kc5
46. Kd3 Kb6 47. Kc4 Ka5 48. b3 {Black resigns} 1-0

[Event "Team 45 45 League T34"]
[Site "Internet Chess Club"]
[Date "2007.08.26"]
[Round "6"]
[White "clarinetref"]
[Black "Relapse"]
[Result "0-1"]
[WhiteElo "1573"]
[BlackElo "1634"]
[Opening "Réti opening"]
[ECO "A09"]
[Time "09:36:39"]
[TimeControl "2700+45"]

1. Nf3 d5 2. c4 Nf6 3. b3 Bg4 4. Ne5 Nbd7 5. Nxg4 Nxg4 6. cxd5 Nb6 7. e4 Qd7 8.
Be2 Nf6 9. Nc3 O-O-O 10. a4 Kb8 11. a5 Nc8 12. a6 b6 13. Bb5 Qd6 14. d4 Qb4 15.
Bb2 Nxe4 16. Qd3 Nxc3 17. Bxc3 Qd6 18. Bc4 e6 19. dxe6 fxe6 20. Qf3 c6 21. O-O
Re8 22. Rfe1 Qd7 23. Rad1 Nd6 24. Qg3 Kc8 25. Bd3 Nf5 26. Bxf5 exf5 27. Rxe8+
Qxe8 28. Qf3 Qe4 29. Qxe4 fxe4 30. Re1 Kd7 31. Rxe4 Bd6 32. Rg4 g6 33. d5 Re8
34. dxc6+ Kxc6 35. g3 Kb5 36. Rh4 Re7 37. Ra4 Re2 38. Bd4 Re1+ 39. Kg2 Rb1 40.
Ra2 Rxb3 41. Bxb6 Kxb6 42. Rd2 Kc6 43. Ra2 Rb6 44. Kf3 Kb5 45. Ke4 Rxa6 46. Rb2+
Kc6 47. f4 Ra4+ 48. Kf3 a5 49. Rc2+ Bc5 50. Kg4 h6 51. h4 Kd5 52. Re2 Re4 53.
Rd2+ Bd4 54. Kf3 a4 55. h5 gxh5 56. f5 Rg4 57. f6 Ke6 58. Rc2 Bxf6 59. Rc6+ Kf5
60. Ra6 h4 61. gxh4 Rxh4 62. Ra5+ Kg6 63. Ra6 Rh3+ 64. Kg4 Rb3 65. Rxa4 h5+ 66.
Kf4 Bg5+ 67. Ke5 h4 68. Ra6+ Kh5 69. Kf5 h3 70. Ra8 Rc3 71. Ra2 Kh4 72. Ra4+ Kh5
73. Rg4 Bd2 74. Rg1 h2 75. Rh1 Rh3 76. Ke4 Kg4 77. Kd4 Kg3 78. Kd3 Kg2+ {White
resigns} 0-1

[Event "Team 45 45 League T34"]
[Site "Internet Chess Club"]
[Date "2007.08.28"]
[Round "6"]
[White "Gomer"]
[Black "jazzyrick"]
[Result "0-1"]
[WhiteElo "1212"]
[BlackElo "1617"]
[Opening "Sicilian"]
[ECO "B50"]
[Time "14:04:41"]
[TimeControl "2700+45"]

1. e4 c5 2. Nf3 d6 3. Bc4 e6 4. O-O Nc6 5. Nc3 Nf6 6. d3 Be7 7. Qd2 O-O 8. Re1
a6 9. a3 b5 10. Bb3 Bb7 11. d4 cxd4 12. Nxd4 Qc7 13. Nf3 Rfd8 14. Qe3 Ng4 15.
Qf4 Nge5 16. Be3 Ng6 17. Qg3 Rac8 18. Ng5 Bxg5 19. Bxg5 Nd4 20. Bxd8 Qxd8 21.
Ne2 Nxb3 22. Qxb3 Bxe4 23. c3 Nh4 24. Nf4 Rc4 25. Re3 Qg5 26. g3 Nf3+ 27. Rxf3
Bxf3 28. a4 h5 29. axb5 axb5 30. Nh3 Qd5 31. Rd1 Bxd1 {White resigns} 0-1

[Event "Team 45 45 League T34"]
[Site "Internet Chess Club"]
[Date "2007.09.01"]
[Round "6"]
[White "Morpheous"]
[Black "mickeys"]
[Result "1-0"]
[WhiteElo "1981"]
[BlackElo "1657"]
[Opening "French: exchange variation"]
[ECO "C01"]
[Time "18:01:15"]
[TimeControl "2700+45"]

1. e4 e6 2. d4 d5 3. exd5 Qxd5 4. Nc3 Bb4 5. Qg4 Nf6 6. Qxg7 Rg8 7. Qxf6 Rxg2 8.
Qh8+ Kd7 9. Qxh7 Rg4 10. Qxf7+ Kc6 11. Nf3 Re4+ 12. Kd1 Bxc3 13. bxc3 Bd7 14.
Bg2 Kb6 15. Rb1+ Ka6 16. Nd2 Re1+ 17. Rxe1 Qxg2 18. Qf4 Qd5 19. Qxc7 Bc6 20. Re5
Qh1+ 21. Ke2 Nd7 22. Ra5# {Black checkmated} 1-0

[Event "Team 45 45 League T34"]
[Site "Internet Chess Club"]
[Date "2007.08.24"]
[Round "6"]
[White "GrandPoobah069"]
[Black "twinders"]
[Result "1-0"]
[WhiteElo "1697"]
[BlackElo "1598"]
[Opening "Sicilian: Alapin's variation (2.c3)"]
[ECO "B22"]
[Time "23:31:04"]
[TimeControl "2700+45"]

1. e4 c5 2. c3 d6 3. d4 cxd4 4. cxd4 Nf6 5. Nc3 g6 6. Bc4 Bg7 7. Qe2 O-O 8. e5
dxe5 9. dxe5 Ng4 10. e6 f5 11. Nf3 Nc6 12. Bf4 a6 13. O-O Na5 14. Rfd1 Qb6 15.
Nd5 Qxb2 16. Nxe7+ Kh8 17. Ng5 Bxe6 18. Nxe6 Nxc4 19. Qxc4 Qxf2+ 20. Kh1 Bxa1
21. Rxa1 Qb2 22. Re1 Nf2+ 23. Kg1 Ne4 24. Be3 {Black resigns} 1-0

[Event "Team 45 45 League T34"]
[Site "Internet Chess Club"]
[Date "2007.08.23"]
[Round "6"]
[White "GolfSuper"]
[Black "IronWill"]
[Result "1-0"]
[WhiteElo "1642"]
[BlackElo "1540"]
[Opening "Scandinavian: Marshall variation"]
[ECO "B01"]
[Time "19:16:08"]
[TimeControl "2700+45"]

1. e4 d5 2. exd5 Nf6 3. d4 Nxd5 4. Nf3 Bf5 5. c4 Nb4 6. Na3 N8c6 7. d5 e6 8.
dxc6 Qxd1+ 9. Kxd1 O-O-O+ 10. Bd2 bxc6 11. Ne5 Bg6 12. Nxg6 hxg6 13. Nc2 Nd3 14.
Bxd3 Rxd3 15. Ke2 Rd7 16. Bc3 f6 17. h3 Bc5 18. b4 Be7 19. Rhd1 Rhd8 20. Rxd7
Rxd7 21. Rd1 Rxd1 22. Kxd1 Kb7 23. Nd4 e5 24. Ne6 {Black resigns} 1-0

[Event "Team 45 45 League T34"]
[Site "Internet Chess Club"]
[Date "2007.08.27"]
[Round "6"]
[White "chips"]
[Black "strudel"]
[Result "0-1"]
[WhiteElo "1139"]
[BlackElo "1446"]
[Opening "Sicilian: Hungarian variation"]
[ECO "B27"]
[Time "16:02:40"]
[TimeControl "2700+45"]

1. e4 c5 2. Nf3 g6 3. Be2 Nc6 4. O-O Nf6 5. Bb5 Nxe4 6. Bxc6 bxc6 7. d3 Nf6 8.
Nbd2 Bg7 9. Nb3 d6 10. Nbd2 O-O 11. d4 cxd4 12. Nxd4 Qc7 13. N4f3 c5 14. Rb1 a5
15. b3 Nd5 16. Qe1 Nb4 17. Bb2 Nxc2 18. Qe4 Bf5 19. Qc4 Bxb2 20. Ng5 Bd4 21.
Rbc1 Ne3 22. Qb5 Nxf1 23. Qxf1 Qb7 24. Ngf3 Bb2 25. Rc4 Qb5 26. Rh4 Qxf1+ 27.
Kxf1 Bf6 28. Rf4 Rfb8 29. Ne4 Bxe4 30. Rxe4 Rb4 31. Re2 a4 32. Re3 c4 33. bxc4
Rxc4 34. Nd2 Rc2 35. Ne4 Rxa2 36. Nxf6+ exf6 37. g3 Kg7 38. Rd3 Rb2 39. Rxd6 a3
{White resigns} 0-1

[Event "Team 45 45 League T34"]
[Site "Internet Chess Club"]
[Date "2007.08.27"]
[Round "6"]
[White "oldsj"]
[Black "seldredg"]
[Result "0-1"]
[WhiteElo "1487"]
[BlackElo "1400"]
[Opening "Scandinavian: Pytel-Wade variation"]
[ECO "B01"]
[Time "20:02:48"]
[TimeControl "2700+45"]

1. e4 d5 2. exd5 Qxd5 3. Nc3 Qd6 4. Nf3 Nf6 5. Bc4 Bg4 6. O-O a6 7. d3 b5 8. Bb3
Nc6 9. h3 Bf5 10. Bg5 h6 11. Bh4 Nd4 12. Bg3 Qd7 13. Nxd4 Qxd4 14. Qf3 Qd8 15.
Qxf5 e6 16. Qf3 Be7 17. Bxc7 Qc8 18. Be5 Qd8 19. Ne4 Rc8 20. Nxf6+ gxf6 21. Bc3
Rc5 22. Bb4 Rf5 23. Qc6+ Kf8 24. Bxe7+ Qxe7 25. Qa8+ Kg7 26. Qxa6 Rh5 27. Qc6
Rg8 28. Qf3 Rf5 29. Qe4 h5 30. Rae1 Qd7 31. h4 Kh7 32. g3 Rg4 33. Qe2 Qd4 34.
Qe3 Qd6 35. Bxe6 fxe6 36. Qxe6 Rxg3+ 37. fxg3 Qxg3+ 38. Kh1 Qxh4+ 39. Kg2 Qg4+
40. Kh2 Qh4+ 41. Kg2 Qg4+ 42. Kh2 Qh4+ 43. Kg1 Rg5+ 44. Qg4 Rxg4# {White
checkmated} 0-1

[Event "Team 45 45 League T34"]
[Site "Internet Chess Club"]
[Date "2007.08.25"]
[Round "6"]
[White "thalamus"]
[Black "EyeAm"]
[Result "1/2-1/2"]
[WhiteElo "1365"]
[BlackElo "1326"]
[Opening "Petrov: Nimzovich attack"]
[ECO "C42"]
[Time "14:17:47"]
[TimeControl "2700+45"]

1. e4 e5 2. Nf3 Nf6 3. Nxe5 d6 4. Nf3 Nxe4 5. Nc3 Nxc3 6. dxc3 Nd7 7. Be3 Be7 8.
Qd2 O-O 9. O-O-O Ne5 10. Be2 Be6 11. Nd4 Bd7 12. h3 c5 13. Nb3 Bc6 14. Rdg1 b5
15. f4 Nc4 16. Bxc4 bxc4 17. Na1 Qa5 18. Kb1 Rab8 19. Rh2 Rfd8 20. g4 Bf6 21.
Nb3 cxb3 22. axb3 Bxc3 23. Qxc3 Qxc3 24. bxc3 Re8 25. Bc1 a5 26. h4 a4 27. Kb2
axb3 28. cxb3 Bd5 29. Kb1 Bxb3 30. Bb2 Bc4 31. g5 Bd3+ 32. Kc1 Re2 33. Rxe2 Bxe2
34. Re1 Bh5 35. f5 Kf8 36. Re3 Re8 37. Kd2 Bg4 38. f6 g6 39. Rxe8+ Kxe8 40. Ke3
Bf5 41. c4 Kd7 42. Bc3 Ke6 43. Ba5 d5 44. cxd5+ Kxd5 45. Kd2 {Game drawn by
mutual agreement} 1/2-1/2

[Event "Team 45 45 League T34"]
[Site "Internet Chess Club"]
[Date "2007.08.27"]
[Round "6"]
[White "Cataclysm"]
[Black "moreffee"]
[Result "0-1"]
[WhiteElo "1317"]
[BlackElo "1259"]
[Opening "Sicilian: Grand Prix attack"]
[ECO "B21"]
[Time "15:01:47"]
[TimeControl "2700+45"]

1. e4 c5 2. f4 Nc6 3. Nf3 d6 4. d4 Nf6 5. Nc3 a6 6. Nd5 Nxe4 7. dxc5 Nxc5 8. a4
Bg4 9. Bc4 e6 10. Ne3 Bxf3 11. gxf3 Qh4+ 12. Ke2 Qxf4 13. c3 Ne5 14. Qf1 Nxc4
15. Nd5 Qe5+ 16. Kf2 Qxd5 {White resigns} 0-1

[Event "Team 45 45 League T34"]
[Site "Internet Chess Club"]
[Date "2007.08.23"]
[Round "6"]
[White "curtintime"]
[Black "hotzoddy"]
[Result "1-0"]
[WhiteElo "1433"]
[BlackElo "1418"]
[Opening "French: advance, Paulsen attack"]
[ECO "C02"]
[Time "21:05:53"]
[TimeControl "2700+45"]

1. e4 e6 2. d4 d5 3. e5 c5 4. c3 Nc6 5. Nf3 Qb6 6. a3 Nge7 7. b4 cxd4 8. cxd4
Nf5 9. Bb2 a6 10. Qa4 Bd7 11. Qd1 Be7 12. Be2 O-O 13. O-O f6 14. Qd3 fxe5 15.
dxe5 Bd8 16. Nbd2 Bc7 17. Nb3 Qa7 18. Nc5 Rfd8 19. Nd4 Nxe5 20. Qc3 Nxd4 21.
Qxd4 Bb5 22. Bxb5 axb5 23. Nxe6 Qxd4 24. Bxd4 Rdc8 25. Nxc7 Rxc7 26. Bxe5 Rd7
27. Rfd1 Re8 28. f4 b6 29. Bd4 Re4 30. Bxb6 Rxf4 31. Rf1 Rc4 32. Bc5 d4 33. Rf8#
{Black checkmated} 1-0

[Event "Team 45 45 League T34"]
[Site "Internet Chess Club"]
[Date "2007.08.28"]
[Round "6"]
[White "Fidelian"]
[Black "slakkjaw"]
[Result "1-0"]
[WhiteElo "1331"]
[BlackElo "1200"]
[Opening "Three knights game"]
[ECO "C46"]
[Time "22:10:22"]
[TimeControl "2700+45"]

1. e4 e5 2. Nf3 Nc6 3. Nc3 Bb4 4. Nd5 Bc5 5. a3 Nf6 6. b4 Bd6 7. Nc3 O-O 8. Bb2
b6 9. g3 Bb7 10. Bg2 Ne7 11. d3 c5 12. Nb5 Nc8 13. bxc5 Bxc5 14. Nxe5 d5 15. O-O
a6 16. Nc3 Ne7 17. Nf3 dxe4 18. dxe4 Qxd1 19. Nxd1 Nxe4 20. Ng5 Nd6 21. Nf3 Nc4
22. Bc1 Rad8 23. Nc3 Nd5 24. Na4 Be7 25. Ne1 b5 26. Nb2 Nxa3 27. Nbd3 Nc4 28.
Bxd5 Bxd5 29. Rxa6 h6 30. Nf4 Bb7 31. Ra7 Rd7 32. Ned3 Rfd8 33. Re1 Bc5 34. Nxc5
Rd1 35. Kf1 Rxe1+ 36. Kxe1 Bf3 37. Ncd3 Ne5 38. Ra5 g5 39. Rxb5 f6 40. Ne6 Rd6
41. Nec5 Rd5 42. Rb6 Nc4 43. Rxf6 Kg7 44. Rxf3 {Black resigns} 1-0

[Event "Team 45 45 League T34"]
[Site "Internet Chess Club"]
[Date "2007.08.24"]
[Round "6"]
[White "Gomer"]
[Black "uipawn"]
[Result "1-0"]
[WhiteElo "1228"]
[BlackElo "1265"]
[Opening "KP: Nimzovich defense, Bogolyubov variation"]
[ECO "B00"]
[Time "20:03:04"]
[TimeControl "2700+45"]

1. e4 Nc6 2. d4 d5 3. Nc3 e6 4. exd5 exd5 5. Bb5 Bb4 6. Bd2 a6 7. Ba4 Bd7 8.
Nxd5 Bxd2+ 9. Qxd2 Nge7 10. Nxe7 Qxe7+ 11. Ne2 O-O 12. O-O Rae8 13. Rfe1 Qd6 14.
c3 Nb8 15. Bc2 Qf6 16. Qd3 Nc6 17. Qxh7# {Black checkmated} 1-0

[Event "Team 45 45 League T34"]
[Site "Internet Chess Club"]
[Date "2007.08.25"]
[Round "6"]
[White "Kingofknights"]
[Black "mallet"]
[Result "1/2-1/2"]
[WhiteElo "1800"]
[BlackElo "1749"]
[Opening "QGD: 4.Bg5 Be7"]
[ECO "D53"]
[Time "09:30:12"]
[TimeControl "2700+45"]

1. d4 d5 2. c4 e6 3. Nc3 Nf6 4. Bg5 Be7 5. Nf3 h6 6. Bxf6 Bxf6 7. b4 Be7 8. cxd5
exd5 9. Qb3 c6 10. e3 O-O 11. Bd3 Be6 12. O-O Nd7 13. Rab1 Bg4 14. Nd2 Nf6 15.
h3 Be6 16. Qc2 Qd7 17. f4 Qc7 18. Nf3 Ne8 19. f5 Bd7 20. Ne5 Bf6 21. Nxd7 Qxd7
22. b5 Qe7 23. Rf3 Nd6 24. bxc6 bxc6 25. Qa4 Rfc8 26. Kf2 Rc7 27. Rb6 axb6 28.
Qxa8+ {Game drawn by mutual agreement} 1/2-1/2

[Event "Team 45 45 League T34"]
[Site "Internet Chess Club"]
[Date "2007.08.26"]
[Round "6"]
[White "stpatzer"]
[Black "Berkshires"]
[Result "1-0"]
[WhiteElo "1422"]
[BlackElo "1409"]
[Opening "Queen's pawn game"]
[ECO "D00"]
[Time "13:29:45"]
[TimeControl "2700+45"]

1. d4 d5 2. e3 e6 3. Bd3 Nf6 4. Nf3 Nc6 5. O-O Bd6 6. c4 O-O 7. c5 Be7 8. Bd2 b6
9. Bb5 Bd7 10. cxb6 cxb6 11. Qa4 Qc7 12. Nc3 Nb8 13. Rac1 a6 14. Bxd7 Nbxd7 15.
Nxd5 Qd8 16. Nxe7+ Qxe7 17. Bb4 b5 18. Bxe7 bxa4 19. Bxf8 Rxf8 20. Rc3 Nd5 21.
Ra3 N7b6 22. Rc1 Nb4 23. b3 Nd3 24. Rc6 Rb8 25. Ne5 Nb4 26. Rc7 h6 27. Nc6 Nxc6
28. Rxc6 Nd5 29. Rxa6 Nb4 30. R6xa4 Kh7 31. Ra8 Rb7 32. R3a7 Rb6 33. Rxf7 Rc6
34. g3 Nd5 35. Raa7 Kg6 36. Rxg7+ Kf5 37. Kg2 h5 38. h4 Rc2 39. Rg5+ Ke4 40.
Re5+ Kd3 41. Rxe6 Nxe3+ 42. Rxe3+ Kd2 43. Rae7 Kc1 44. Re1+ Kd2 45. R7e2+ Kd3
46. Rxc2 Kxc2 47. Re2+ Kc3 48. d5 Kd3 49. d6 Kxe2 50. d7 Ke1 51. d8=Q Ke2 52. a4
Ke1 53. a5 Ke2 54. Qe7+ Kd3 55. a6 Kd4 56. a7 Kd5 57. a8=Q+ Kd4 58. Qae4+ Kc3
59. Qc4+ Kb2 60. Qee2+ {Black resigns} 1-0

[Event "Team 45 45 League T34"]
[Site "Internet Chess Club"]
[Date "2007.08.26"]
[Round "6"]
[White "Fogbound"]
[Black "oldsj"]
[Result "0-1"]
[WhiteElo "1367"]
[BlackElo "1509"]
[Opening "Torre attack (Tartakower variation)"]
[ECO "D03"]
[Time "14:07:20"]
[TimeControl "2700+45"]

1. d4 d5 2. Nf3 Nf6 3. Bg5 e6 4. e3 c5 5. c3 cxd4 6. exd4 Be7 7. Nbd2 O-O 8. Bd3
h6 9. Bf4 Nc6 10. O-O Bd7 11. Qc2 Rc8 12. Ne5 a6 13. Nxc6 Bxc6 14. Be5 Nh5 15.
Nf3 f6 16. Bh7+ Kh8 17. Rae1 fxe5 18. Nxe5 Bb5 19. Bd3 Bxd3 20. Qxd3 Kg8 21. Ng6
Rf6 22. Ne5 Bd6 23. Ng4 Nf4 24. Qc2 Rg6 25. f3 h5 26. g3 hxg4 27. gxf4 Rh6 28.
fxg4 Qh4 29. Qg2 Bxf4 30. Rxe6 Rxe6 31. Rd1 Re1+ 32. Rxe1 Qxe1+ {White resigns}
0-1